 Dungeon Crawl Stone Soup version 0.20-a0-1039-gf554463 (console) character file.

55 r4s the Ducker (level 3, 0/18 HPs)
             Began as a Felid Chaos Knight on Apr 22, 2017.
             Slain by Ijyb
             ... wielding a +1 dagger of chaos
              (1 damage)
             ... on level 3 of the Dungeon.
             The game lasted 00:16:13 (2429 turns).

r4s the Ducker (Felid Chaos Knight)                 Turns: 2429, Time: 00:16:13

Health: 0/18       AC:  1    Str:  8    XL:     3   Next: 67%
Magic:  4/4        EV: 19    Int: 13    God:    Xom [.....*]
Gold:   119        SH:  0    Dex: 16    Spells: 2/2 levels left
                                        Lives:  0   Deaths: 1

rFire    . . .     SeeInvis +     - Unarmed
rCold    . . .     Gourm    .   (shield unavailable)
rNeg     . . .     Faith    .   (armour unavailable)
rPois    .         Spirit   .   (helmet unavailable)
rElec    .         Reflect  .   (cloak unavailable)
rCorr    .         Harm     .   (gloves unavailable)
MR       .....                  (boots unavailable)
Stlth    +++.......             (no amulet)
Regen    0.1/turn               (no ring)
MPRegen  0.1/turn               (no ring)

@: very slightly contaminated, drained, invisible (expiring), quick
A: no armour, no weapons or thrown items, stealth, claws 1, fangs 3, see
invisible, carnivore 3, speed 1, shaggy fur 1, slow metabolism 1, sharp paws
a: Renounce Religion


You were on level 3 of the Dungeon.
You worshipped Xom.
You were Xom's teddy bear.
You were completely stuffed.

You visited 1 branch of the dungeon, and saw 3 of its levels.

You collected 119 gold pieces.

Inventory:

Scrolls
 b - 2 scrolls of recharging {unknown}
 c - a scroll of amnesia {unknown}
 d - a scroll of identify {unknown}
 e - a scroll of magic mapping {unknown}
 f - a scroll of blinking {unknown}
 j - a scroll of remove curse {unknown}
Potions
 h - a potion of flight
Comestibles
 a - a meat ration
 g - 2 royal jellies
 i - 5 chunks of flesh


   Skills:
 * Level 4.0(3.7) Fighting
 + Level 4.3(4.0) Dodging
 + Level 3.2(2.9) Stealth
 + Level 3.3(3.1) Unarmed Combat


You had 2 spell levels left.
You didn't know any spells.

Dungeon Overview and Level Annotations

Branches:
Dungeon (3/15)

Altars:
Nemelex Xobeh
Sif Muna

Annotations:
D:1 exclusion: 2 downstairs
D:2 Sigmund
D:3 exclusion: upstairs, Ijyb


Innate Abilities, Weirdness & Mutations

You cannot wear armour.
You are incapable of wielding weapons or throwing items.
Your paws allow you to move quietly. (Stealth)
You have sharp claws.
You have razor-sharp teeth.
You have supernaturally acute eyesight. (SInv)
You are carnivorous and can eat meat at any time.
You cover ground quickly.
You are covered in fur. (AC +1)
You have a slow metabolism.
Your sharp claws are effective at attacking unaware monsters.


Message History

You barely miss Ijyb.
Ijyb is severely wounded.
There is an escape hatch in the floor here.
You flicker for a moment.
Ijyb misses you.
You scratch Ijyb but do no damage. You claw Ijyb, but do no damage.
Ijyb is severely wounded.
Ijyb misses you.
You scratch Ijyb but do no damage.
Ijyb is severely wounded.
You claw Ijyb!
Ijyb is almost dead.
Ijyb hits you with a dagger of chaos.
* * * LOW HITPOINT WARNING * * *
You feel drained.
You scratch Ijyb but do no damage.
Ijyb is almost dead.
Ijyb hits you with a dagger of chaos.
You die... "Huh?
Did I miss anything?"

....# #...# #.... .§..# ##.## #....
....#####..####....################
§.............+..........>........#
....######.####.....#############.#
.............######.# #.#
.............# #.# #.#
.............######†#### #.#
.............##..@g....# #.#
#########......>........# #.#
.......###.........# #.# ........
#.........# #.# ......#.
#.........# #.# ####.# #........$#
#.# #. #.........# #.# #.
#.........# #.# ...?..... #.#


You could see Ijyb.

Vanquished Creatures
  6 adders (D:2)
  A dart slug (D:1)
  A leopard gecko (D:1)
  A ball python (D:2)
  4 bats
  3 giant cockroaches
  8 goblins
  7 hobgoblins
  5 jackals
  4 frilled lizards
  5 kobolds
  7 rats
52 creatures vanquished.

Notes
Turn   | Place    | Note
-------+----------+-------------------------------------------
     0 | D:1      | r4s the Felid Chaos Knight began the quest for the Orb.
     0 | D:1      | Reached XP level 1. HP: 10/10 MP: 2/2
    92 | D:1      | XOM: harmless Tloc miscast
   164 | D:1      | XOM: divination: detect creatures
   449 | D:1      | Reached XP level 2. HP: 14/14 MP: 3/3
   496 | D:1      | XOM: mild Tmut miscast
   655 | D:1      | XOM: divination: magic mapping
   916 | D:1      | XOM: cloud trail
  1165 | D:1      | XOM: mild Air miscast
  1401 | D:2      | Reached skill level 1 in Stealth
  1404 | D:2      | Found a deep blue altar of Sif Muna.
  1442 | D:2      | Reached XP level 3. HP: 17/17 MP: 4/4
  1492 | D:2      | XOM: smoke on damage
  1499 | D:2      | XOM: cloud trail
  1655 | D:2      | Reached XP level 4. HP: 9/22 MP: 5/5
  1724 | D:2      | XOM: 2-stop teleportation journey
  1794 | D:2      | Found a sparkling altar of Nemelex Xobeh.
  1854 | D:2      | XOM: harmless Pois miscast
  1921 | D:2      | Noticed Sigmund
  2283 | D:3      | Noticed Ijyb
  2294 | D:3      | XOM: chaos upgrade
  2316 | D:3      | HP: 1/22 [poisoned by Ijyb]
  2319 | D:3      | Succumbed to Ijyb's poison
  2320 | D:3      | Reached XP level 3. HP: 0/18 MP: 4/4
  2368 | D:3      | XOM: butterfly on damage
  2429 | D:3      | Slain by Ijyb

Vault maps used:
D:1:      elethiomel_arrival_maze, hex_intersection
D:2:      overflow_temple_1_default, marbit_many_paths, uniq_sigmund
D:3:      kennysheep_generic_room_5, uniq_ijyb

Skill      XL: |  1  2  3  4 |
---------------+-------------+-----
Stealth        | 1 2 3 |  3.2
Dodging        | 4 |  4.3
Fighting       | 4 |  4.0
Unarmed Combat | |  3.3

Action                   |  1- 3 |  4- 6 || total
-------------------------+-------+-------++-------
Melee: Unarmed           |   119 |    58 ||   177
       Bite              |     9 |     2 ||    11
       Punch             |     1 |       ||     1
  Use: Potion            |     2 |     1 ||     3
 Stab: Sleeping          |     9 |     4 ||    13
  Eat: Chunk             |    14 |     2 ||    16
Armor: Skin              |     5 |     4 ||     9
Dodge: Dodged            |    83 |    36 ||   119
